 Dungeon Sprint DCSS version 0.14-a0-2542-g51e44bb (webtiles) character file.

8 4tharraofdagon the Chopper (level 2, -2/22 HPs)
             Began as a Djinni Fighter on Feb 10, 2014.
             Was an Initiate of Makhleb.
             Slain by a merfolk
             ... wielding a +0,+0 trident
              (10 damage)
             ... in the Dungeon (Sprint V: "Ziggurat Sprint").
             The game lasted 00:01:43 (72 turns).

4tharraofdagon the Chopper (Djinni Fighter)           Turns: 72, Time: 00:01:43

HP  -2/22        AC 15     Str 31      XL: 2   Next:  0%
MP   0/0         EV  2     Int  8      God: Makhleb [......]
Gold 0           SH 48     Dex 12      Spells:  0 memorised,  1 level left

rFire  + + +     SeeInvis +     r - +12,+15 obsidian axe {chop, +Fly Str+3 SInv Curse}
rCold  + . .     Clarity  .     I - +5 ice dragon armour
rNeg   + + +     Conserve .     s - +27 shield of the gong {rElec rN+ MR+ EV-5}
rPois  .         rCorr    .     (no helmet)
rElec  +         rRot     .     (no cloak)
SustAb . .       Spirit   .     (no gloves)
rMut   .         Warding  .     (boots unavailable)
Saprov . . .     NoTele   +     (no amulet)
MR     +....                    p - +6 ring of strength
                                q - +6 ring of strength

@: mesmerised, flying, somewhat resistant to hostile enchantments, extremely
unstealthy
A: fire immunity, cold vulnerability, life protection 3
a: Renounce Religion


You were in the Dungeon.
You worshipped Makhleb.
Makhleb was noncommittal.
You were not hungry.

You visited 1 branch

Inventory:

Hand weapons
 a - a +0,+0 hand axe
 r - the cursed +12,+15 obsidian axe (weapon) {chop, +Fly Str+3 SInv Curse}
   (You found it in the Dungeon)

   It inflicts extra damage upon your enemies.
   It affects your strength (+3).
   It enhances your eyesight.
   It lets you fly.
   It may recurse itself when equipped.
   It has a curse placed upon it.
Armour
 b - a +0 scale mail
 c - a +0 shield
 s - the +27 shield of the gong (worn) {rElec rN+ MR+ EV-5}
   (You found it in the Dungeon)

   It affects your evasion (-5).
   It insulates you from electricity.
   It protects you from negative energy.
   It affects your resistance to hostile enchantments.
 I - a +5 ice dragon armour (worn)
Magical devices
 d - a wand of cold (5)
 i - a wand of disintegration (7)
 k - a wand of draining (5)
 l - a wand of fire (5)
Scrolls
 j - 4 scrolls of blinking
 t - 4 scrolls of amnesia
 u - 2 scrolls of fear
 v - 7 scrolls of fog
 w - a scroll of holy word
 x - 5 scrolls of identify
 y - 3 scrolls of recharging
 z - 5 scrolls of remove curse
Jewellery
 n - a +6 ring of intelligence
 o - a +6 ring of intelligence
 p - a +6 ring of strength (right hand)
 q - a +6 ring of strength (left hand)
Potions
 e - 10 potions of curing
 f - 9 potions of heal wounds
 g - 6 potions of speed
 h - 7 potions of magic
 A - 5 potions of agility
 B - 2 potions of berserk rage
 C - 2 potions of brilliance
 E - 2 potions of invisibility
 F - 5 potions of might
 G - 4 potions of resistance
 H - 2 potions of restore abilities
Magical staves
 m - an uncursed staff of energy


   Skills:
 + Level 2.6 Fighting
 * Level 7.0 Axes
 + Level 3.2 Armour
 + Level 0.0 Dodging
 + Level 3.0 Shields
 + Level 0.0 Evocations


You had one spell level left.
You didn't know any spells.

Dungeon Overview and Level Annotations

Branches:
Dungeon (1/1)

Altars:
Ashenzari
Cheibriados
Dithmengos
Elyvilon
Fedhas
Kikubaaqudgha
Makhleb
Nemelex Xobeh
Okawaru
Sif Muna
Trog
Vehumet
Xom
Yredelemnul
Zin
The Shining One
Beogh
Jiyva
Lugonu


Innate Abilities, Weirdness & Mutations

You are immune to all types of fire, even holy and hellish.
You are vulnerable to cold.
You need no food.
You have no legs.
You are immune to negative energy.


Message History

Found three items.
You see here 2 tomahawks.
You block the merfolk's attack.
BOUMMMMG!
You block the merfolk's attack.
GONNNNG!
Unknown command.
Unknown command.
Drink which item? (? for menu, Esc to quit)
You feel much better. You block the merfolk's attack.
BONNNG!
You block the merfolk's attack.
GONNNNG!
Unknown command.
Unknown command.
Visions of slaying the merfolk flood into your mind.
The merfolk hits you from afar with a trident!
Ouch! That really hurt!
The merfolk hits you with a trident!
You die...

▓▓▓▓▓▓▓
▓.8©8.▓
▓.....▓
▓.m.m.▓
▓...@.▓
▓.....▓
▓..(..▓
▓▓▓▓▓▓▓


You could see 2 merfolk.

Vanquished Creatures (others)
  A spatial maelstrom (D)
1 creature vanquished.

Notes
Turn   | Place    | Note
--------------------------------------------------------------
     0 | D        | 4tharraofdagon, the Djinni Fighter, began the quest for the Orb.
     0 | D        | Reached XP level 1. HP: 16/16 MP: 0/0
     0 | D        | Found a white marble altar of Elyvilon.
     1 | D        | Found a sparkling altar of Nemelex Xobeh.
     1 | D        | Found a burning altar of Makhleb.
     2 | D        | Found a deep blue altar of Sif Muna.
     2 | D        | Found a bloodstained altar of Trog.
     2 | D        | Banished a spatial maelstrom
     6 | D        | Found an iron altar of Okawaru.
    14 | D        | Found a radiant altar of Vehumet.
    29 | D        | Found an ancient bone altar of Kikubaaqudgha.
    29 | D        | Found a basalt altar of Yredelemnul.
    30 | D        | Found a shimmering altar of Xom.
    65 | D        | Became a worshipper of Makhleb the Destroyer
    68 | D        | Reached skill level 7 in Axes
    68 | D        | Reached XP level 2. EP: 22/22
    69 | D        | Entered arena 1.
    69 | D        | Noticed a merfolk
    69 | D        | Noticed a merfolk
    72 | D        | Slain by a merfolk

Action                   || total
-------------------------++-------
  Use: Potion            ||     2
